Map: 광부 대피

Players

테라진

  • Race: Protoss Protoss
  • Spawn Location: 7:00

nonplayer

  • Race: Terran Terran
  • Spawn Location: 7:00

VOD

Have the link to the VOD?

Description

Time

  • Played on: Aug. 17, 2017, 5:43 a.m.
  • Length: 19:30
Show
View Real Time Build Order
Export as new Build Order

테라진 Protoss 

Build Orders:  

Get SALT Encoding   

  12  0:02  Probe (Chrono Boost)  
  13  0:16  Probe (Chrono Boost)  
  14  0:27  Pylon  
  14  0:31  Probe (Chrono Boost)  
  15  0:50  Assimilator  
  15  0:52  Probe (Chrono Boost)  
  15  0:58  Assimilator  
  16  1:05  Probe (Chrono Boost)  
  17  1:19  Probe (Chrono Boost)  
  18  1:33  Probe (Chrono Boost)  
  19  1:47  Probe (Chrono Boost)  
  20  1:52  Gateway  
  20  2:01  Probe (Chrono Boost)  
  20  2:08  Pylon  
  21  2:15  Probe (Chrono Boost)  
  22  2:29  Probe (Chrono Boost)  
  23  2:45  Probe (Chrono Boost)  
  24  2:59  Pylon, Probe (Chrono Boost)  
  25  3:13  Probe (Chrono Boost)  
  25  3:15  Pylon  
  25  3:27  Probe (Chrono Boost)  
  26  3:40  Probe (Chrono Boost)  
  27  3:54  Probe (Chrono Boost)  
  27  3:59  Nexus  
  28  4:04  Assimilator  
  28  4:11  Probe (Chrono Boost)  
  28  4:15  Cybernetics Core  
  29  4:25  Probe (Chrono Boost)  
  30  5:11  Assimilator, Probe (Chrono Boost)  
  30  5:16  Death Council  
  31  5:21  Pylon  
  31  5:23  Pylon  
  31  5:24  Gateway  
  31  5:25  Probe (Chrono Boost)  
  32  5:59  Probe (Chrono Boost)  
  33  6:11  Probe (Chrono Boost)  
  33  6:12  Probe (Chrono Boost)  
  33  6:18  Forge  
  33  6:19  Ascendant Archives  
  35  6:25  Probe (Chrono Boost)  
  35  6:26  Probe (Chrono Boost)  
  37  6:30  Gateway  
  37  6:32  Gateway  
  37  6:40  Probe (Chrono Boost)  
  38  6:54  Probe (Chrono Boost)  
  38  6:59  Gateway  
  39  7:05  Gateway  
  39  7:08  Probe (Chrono Boost)  
  40  7:22  Probe (Chrono Boost), Pylon  
  41  7:36  Probe (Chrono Boost)  
  42  7:41  Imposing Presence  
  42  7:50  Probe (Chrono Boost)  
  42  7:53  Gateway, Power Overwhelming (Chrono Boost)  
  42  7:54  Gateway  
  43  8:02  Mothership  
  43  8:05  Probe  
  43  8:06  Warp Gate  
  44  8:22  Probe  
  44  8:39  Probe  
  45  8:46  Pylon  
  45  8:56  Probe  
  46  9:13  Probe  
  47  9:39  Probe  
  48  9:45  Mind Blast (Chrono Boost)  
  48  10:11  Telekinesis  
  48  10:30  Cloaking Module  
  48  10:32  Ascendant x2  
  48  10:33  Ascendant x4  
  48  10:34  Chaotic Attunement (Chrono Boost), Ascendant x2  
  64  10:58  Pylon  
  64  11:01  Pylon  
  64  11:10  Pylon  
  64  11:11  Protoss Shields Level 1  
  64  11:19  Probe  
  64  11:29  Ascendant  
  66  11:30  Ascendant x3  
  66  11:32  Supplicant x6  
  66  11:33  Supplicant x2  
  80  12:15  Ascendant x4  
  80  12:18  Supplicant x8  
  96  12:48  Ascendant x2  
  100  12:56  Pylon  
  96  13:14  Pylon  
  96  13:17  Pylon  
  92  13:20  Ascendant  
  92  13:22  Pylon  
  92  13:23  Supplicant x4  
  98  13:45  Supplicant x2  
  98  13:46  Supplicant x4  
  88  14:00  Supplicant x4  
  88  14:01  Supplicant x4  
  92  14:25  Ascendant x2  
  92  14:27  Supplicant x4  
  92  14:28  Supplicant x2  
  102  15:10  Havoc x4  
  102  15:14  Detect Weakness  
  106  15:23  Supplicant x2  
  106  15:24  Supplicant x4  
  118  15:39  Probe  
  117  15:41  Mothership  
  107  16:19  Pylon  
  107  16:25  Pylon  
  97  16:41  Supplicant x4  
  97  16:42  Supplicant x4  
  97  16:43  Supplicant x2  
  97  16:45  Supplicant x4  
  123  16:58  Supplicant x2  
  127  17:03  Supplicant x2  
  127  17:07  Pylon  
  131  17:10  Pylon  
  131  17:12  Pylon x2  
  131  17:13  Pylon  
  129  17:22  Supplicant x2  
  127  17:38  Supplicant x4  
  103  17:51  Supplicant x4  
  103  17:52  Supplicant x6  
  113  18:00  Supplicant x2  
  106  18:16  Supplicant x2  
  96  18:25  Havoc  
  96  18:27  Supplicant x6  
  101  18:36  Supplicant x2  
  101  18:37  Supplicant x2  
  95  18:47  Supplicant x4  
Show
View Real Time Build Order
Export as new Build Order

nonplayer Terran 

Build Orders:  

Get SALT Encoding   

  12  0:05  SCV  
Tags
 
Commander
AlarakRaynor
Matchup
Co-op
Replay Pack
Co-op Speedrun
Add a new tag
Caveats
  • Supply blocks, unpowered buildings, or Contaminate may cause inaccurate times.
  • Supply counts are checked every 10 seconds.